 Dungeon Crawl Stone Soup version 0.19.0-20-gbc5f0c6 (webtiles) character file.

181 Malachi the Chiller (level 5, -2/36 HPs)
             Began as a Demonspawn Ice Elementalist on Nov 18, 2016.
             Slain by a gnoll (8 damage)
             ... on level 2 of the Dungeon.
             The game lasted 00:05:08 (3505 turns).

Malachi the Chiller (Demonspawn Ice Elementalist)   Turns: 3505, Time: 00:05:09

Health: -2/36      AC:  2    Str: 13    XL:     5   Next: 34%
Magic:  10/10      EV: 12    Int: 18    God:
Gold:   103        SH:  0    Dex: 13    Spells: 1 memorised, 10 levels left

rFire  . . .     SeeInvis .     g - +0 falchion
rCold  . . .     Gourm    .     a - +0 robe
rNeg   . . .     Faith    .     (no shield)
rPois  .         Spirit   .     (no helmet)
rElec  .         Reflect  .     (no cloak)
rCorr  .         Harm     .     (no gloves)
MR     .....                    (no boots)
Stlth  +.........               (no amulet)
                                (no ring)
                                (no ring)

@: confused, mighty, very slightly contaminated
A: talons 1, powered by death 1, powered by pain 2
a: no special abilities


You were on level 2 of the Dungeon.
You were not hungry.

You visited 1 branch of the dungeon, and saw 3 of its levels.

You collected 103 gold pieces.

Inventory:

Hand Weapons
 g - a +0 falchion (weapon)
Armour
 a - a +0 robe (worn)
Wands
 q - a wand of slowing (25/48)
Scrolls
 d - a scroll of recharging {unknown}
 k - a scroll of immolation {unknown}
 l - a scroll of remove curse {unknown}
 n - a scroll of identify {unknown}
Potions
 e - a potion of cancellation {unknown}
 f - 2 potions of ambrosia
 j - a potion of might {unknown}
 m - a potion of heal wounds {unknown}
Books
 b - a book of Frost

   Spells                             Type                      Level
   a - Freeze                         Ice                          1
   b - Throw Frost                    Conjuration/Ice              2
   c - Ozocubu's Armour               Charms/Ice                   3
   d - Throw Icicle                   Conjuration/Ice              4
   e - Summon Ice Beast               Ice/Summoning                4
Comestibles
 c - 3 bread rations
 h - a beef jerky
 i - 2 meat rations
 o - a slice of pizza


   Skills:
 + Level 0.6 Fighting
 + Level 1.5 Long Blades
 + Level 2.2 Dodging
 + Level 1.9 Stealth
 + Level 3.5 Spellcasting
   Level 1.0 Conjurations
 + Level 3.8 Ice Magic


You had 10 spell levels left.
You knew the following spells:

 Your Spells              Type           Power        Failure   Level  Hunger
a - Freeze                Ice            ###.         3%          1    None


Dungeon Overview and Level Annotations

Branches:
Dungeon (3/15)

Altars:


Innate Abilities, Weirdness & Mutations

You have sharp toenails.
You regenerate a little health from kills.
You sometimes gain power by taking damage.


Message History

The gnoll closely misses you. The gnoll barely misses you.
The gnoll hits you from afar with a spear.
* * * LOW HITPOINT WARNING * * *
Casting: Freeze
Confirm with . or Enter, or press ? or * to list all spells.
Aiming: Freeze
Press: ? - help, Shift-Dir - straight line, f/p - gnoll
Aim: a gnoll, wielding a halberd (severely wounded)
You freeze the gnoll.
You kill the gnoll!
The gnoll closely misses you.
You riposte.
You barely miss the gnoll. The gnoll closely misses you.
Okay, then.
It was a potion of ambrosia.
You are confused.
You feel invigorated. The gnoll misses you.
The gnoll hits you from afar with a spear!
* * * LOW HITPOINT WARNING * * *
You bump into the rock wall.
The gnoll hits you!
You die...

#.# #.##### ########.#
#.....# #........#
#####.# #.######## #.#
#.# ############ #.# #.#
###..........######.# #[#
#.....######..>.....####
#.#
##.#.#.###########.......
#.#
#(.....)@gg..........####
#.#
#..#.#.###########..[#
#.# ###......####
#...####
#.#####...........#
#.......
..##.##.#.....###.#
#....#.# ###.#.#.####..#
#.# ##.....## ##.###..#
#..# #.# #.......# #.##
##.####..###.####
#........ .##
##.............#
#.......#


You could see 2 gnolls.

Vanquished Creatures
  Natasha (thrice) (D:2)
  2 gnolls (D:2)
  2 adders (D:2)
  An ooze (D:2)
  2 worms (D:2)
  2 dart slugs (D:2)
  2 leopard geckos
  A ball python (D:2)
  3 giant cockroaches
  10 goblins
  4 hobgoblins
  4 jackals (D:1)
  7 kobolds
  A quokka (D:2)
  4 bats
  3 frilled lizards (D:2)
  3 rats (D:1)
54 creatures vanquished.

Notes
Turn   | Place    | Note
-------+----------+-------------------------------------------
     0 | D:1      | Malachi the Demonspawn Ice Elementalist began the quest for the Orb.
     0 | D:1      | Reached XP level 1. HP: 13/13 MP: 3/3
   719 | D:1      | Gained mutation: You sometimes gain a little power by taking damage. [demonic ancestry]
   719 | D:1      | Reached XP level 2. HP: 19/19 MP: 1/5
  1820 | D:2      | Noticed Natasha
  1833 | D:2      | Killed Natasha
  1833 | D:2      | Gained mutation: You have sharp toenails. [demonic ancestry]
  1833 | D:2      | Reached XP level 3. HP: 6/24 MP: 5/7
  2421 | D:2      | Gained mutation: You regenerate a little health from kills. [demonic ancestry]
  2421 | D:2      | Reached XP level 4. HP: 27/31 MP: 3/8
  2492 | D:2      | Noticed Natasha
  2498 | D:2      | Killed Natasha
  2498 | D:2      | Reached skill level 1 in Long Blades
  3238 | D:2      | Noticed Natasha
  3247 | D:2      | Killed Natasha
  3247 | D:2      | Gained mutation: You sometimes gain power by taking damage. [demonic ancestry]
  3247 | D:2      | Reached XP level 5. HP: 11/36 MP: 3/10
  3505 | D:2      | Slain by a gnoll

Skill      XL: |  1  2  3  4 |
---------------+-------------+-----
Ice Magic      | 3 |  3.8
Dodging        | 2 |  2.2
Long Blades    | 1 |  1.5
Spellcasting   | 3 |  3.5
Fighting       | |  0.6
Stealth        | |  1.9
Conjurations   | |  1.0

Action                   |  1- 3 |  4- 6 || total
-------------------------+-------+-------++-------
Melee: Unarmed           |     5 |       ||     5
       Falchion          |    26 |    41 ||    67
       Kick              |     2 |    10 ||    12
 Cast: Freeze            |    40 |    38 ||    78
  Use: Potion            |       |     1 ||     1
 Stab: Sleeping          |       |     3 ||     3
  Eat: Chunk             |     5 |     4 ||     9
Armor: Robe              |    13 |     9 ||    22
Dodge: Dodged            |    51 |    50 ||   101
       Rpst.: Falchion   |     9 |    16 ||    25
